 Dungeon Crawl Stone Soup version 0.21.1-1-g345015f (webtiles) character file.

159 inc the Magician (level 5, 21/21 HPs)
             Began as a Felid Wizard on Mar 2, 2018.
             Was an Initiate of Sif Muna.
             Quit the game on level 7 of the Dungeon.
             The game lasted 00:09:40 (4314 turns).

inc the Magician (Felid Wizard)                     Turns: 4314, Time: 00:09:41

Health: 21/21      AC:  2    Str:  3    XL:     5   Next: 17%
Magic:  14/14      EV: 17    Int: 22    God:    Sif Muna [......]
Gold:   233        SH:  0    Dex: 14    Spells: 14/15 levels left
                                        Lives:  0   Deaths: 1

rFire    . . .     SeeInvis +     - Unarmed
rCold    . . .     Gourm    .   (shield unavailable)
rNeg     . . .     Faith    .   (armour unavailable)
rPois    .         Spirit   .   (helmet unavailable)
rElec    .         Reflect  .   (cloak unavailable)
rCorr    .         Harm     .   (gloves unavailable)
MR       .....                  (boots unavailable)
Stlth    +++.......             (no amulet)
HPRegen  0.07/turn              (no ring)
MPRegen  0.14/turn              (no ring)

@: quick
A: very small, no armour, no weapons or thrown items, stealth, claws 1, fangs 3,
see invisible, carnivore, speed 1, shaggy fur 2, slow metabolism 1, sharp paws
a: Renounce Religion


You were on level 7 of the Dungeon.
You worshipped Sif Muna.
Sif Muna was noncommittal.
You were not hungry.

You visited 2 branches of the dungeon, and saw 8 of its levels.

You collected 233 gold pieces.

Inventory:

Wands
 n - a wand of random effects (25)
Scrolls
 c - a scroll of magic mapping
 d - a scroll of fog {unknown}
 f - a scroll of identify
 g - 3 scrolls of teleportation {unknown}
 i - 2 scrolls of enchant armour {unknown}
 j - a scroll of immolation {unknown}
 k - a scroll of enchant weapon {unknown}
 l - a scroll of blinking {unknown}
 o - a scroll of torment {unknown}
Potions
 e - a potion of curing
 h - 2 potions of cancellation
 m - a potion of lignification
Books
 a - a book of Minor Magic

   Spells                             Type                      Level
   a - Magic Dart                     Conjuration                  1
   b - Blink                          Translocation                2
   c - Call Imp                       Summoning                    2
   d - Slow                           Hexes                        2
   e - Conjure Flame                  Conjuration/Fire             3
   f - Mephitic Cloud                 Conjuration/Poison/Air       3
Comestibles
 b - 8 rations


   Skills:
 - Level 2.6 Dodging
 - Level 2.6 Stealth
 - Level 1.0 Unarmed Combat
 + Level 5.5 Spellcasting
 - Level 3.0 Conjurations
   Level 1.0 Summonings
   Level 1.5 Translocations


You had 14 spell levels left.
You knew the following spells:

 Your Spells              Type           Power        Failure   Level  Hunger
a - Magic Dart            Conj           ###.         2%          1    None


Dungeon Overview and Level Annotations

Branches:
Dungeon (7/15)             Temple (1/1) D:6

Altars:
Cheibriados
Fedhas
Gozag
Hepliaklqana
Makhleb
Nemelex Xobeh
Okawaru
Qazlal
Sif Muna
Uskayaw
Wu Jian
Xom
Yredelemnul
Zin
The Shining One

Annotations:
D:6 Sigmund


Innate Abilities, Weirdness & Mutations

You cannot wear armour.
You are incapable of wielding weapons or throwing items.
Your paws allow you to move quietly. (Stealth)
You have sharp claws.
You have razor-sharp teeth.
You have supernaturally acute eyesight. (SInv)
You are carnivorous and can eat meat at any time.
You cover ground quickly.
You are covered in thick fur. (AC +2)
You have a slow metabolism.
Your sharp claws are effective at attacking unaware monsters.


Message History

The quasit completely misses you. The quasit closely misses you.
The quasit barely misses you. The quasit completely misses you.
The quasit closely misses you.
The quasit claws you but does no damage.
Casting: Magic Dart
Confirm with . or Enter, or press ? or * to list all spells.
Aiming: Magic Dart
Press: ? - help, Shift-Dir - straight line, f/p - quasit
Aim: a quasit (heavily wounded)
The magic dart hits the quasit.
The quasit is severely wounded.
The quasit bites you.
* * * LOW HITPOINT WARNING * * *
The quasit claws you.
You die...
The quasit closely misses you.
You are now level 5!
You rejoin the land of the living...
Unknown command.
Are you sure you want to abandon this character and quit the game? (Confirm with "yes".)

*,,,,,,,,,...*
*,,***,,,**#.####
****,,* **,** #.†5.#
,,,,,,****,***####.#
*****,,,,,,,,,..*#.#
******,***#.*#.# *,*
#.*#.# *,* ##.##.#
****,###..@#.##
*,,...........#
*,*#+#####....#
*******,**,,*,,#..<.##
*,>,,,,,**,,*,,#.....#
*,****,,,*,,',,#.....#
*,* *,,**,,*,,#.....#
*,* *,,**,,*,,#....##
*,* *,,*******#....#


There were no monsters in sight!

Vanquished Creatures
  A sky beast (D:6)
  A hound (D:2)
  Jessica (D:2)
  2 worker ants
  6 adders
  2 oozes
  2 worms
  A dart slug (D:2)
  3 leopard geckos (D:2)
  A giant cockroach (D:1)
  4 goblins
  8 hobgoblins
  5 jackals
  2 bats
  6 frilled lizards
  3 kobolds (D:1)
  A leopard gecko skeleton (D:4)
  2 rats
51 creatures vanquished.

Notes
Turn   | Place    | Note
-------+----------+-------------------------------------------
     0 | D:1      | inc the Felid Wizard began the quest for the Orb.
     0 | D:1      | Reached XP level 1. HP: 7/7 MP: 5/5
    16 | D:1      | Reached skill level 1 in Conjurations
   321 | D:1      | Reached XP level 2. HP: 6/11 MP: 1/7
  1143 | D:2      | Reached XP level 3. HP: 12/14 MP: 1/8
  1523 | D:2      | Reached skill level 1 in Unarmed Combat
  1583 | D:2      | Noticed Jessica
  1588 | D:2      | Killed Jessica
  1588 | D:2      | Reached XP level 4. HP: 18/18 MP: 6/10
  1934 | D:2      | Reached skill level 4 in Spellcasting
  2071 | D:2      | Reached XP level 5. HP: 21/21 MP: 0/12
  2816 | D:5      | Entered Level 5 of the Dungeon
  3412 | D:6      | Noticed Sigmund
  3443 | D:6      | Noticed an ogre
  3452 | D:7      | Reached skill level 5 in Spellcasting
  3699 | D:6      | Noticed a sky beast
  3716 | D:6      | HP: 1/21 [sky beast (5)]
  3717 | D:6      | Killed a sky beast
  3717 | D:6      | Gained mutation: You are covered in thick fur. (AC +2) [Felid growth]
  3717 | D:6      | Reached XP level 6. HP: 1/24 MP: 2/15
  4004 | D:6      | Found a staircase to the Ecumenical Temple.
  4013 | Temple   | Entered the Ecumenical Temple
  4223 | Temple   | Became a worshipper of Sif Muna the Loreminder
  4313 | D:7      | HP: 1/24 [quasit (2)]
  4313 | D:7      | Slain by a quasit
  4314 | D:7      | Reached XP level 5. HP: 0/21 MP: 11/14
  4314 | D:7      | Quit the game

Skill      XL: |  1  2  3  4  5 |
---------------+----------------+-----
Conjurations   | 1 2 3 |  3.0
Unarmed Combat | 1 |  1.0
Spellcasting   | 4 5 |  5.5
Dodging        | |  2.6
Stealth        | |  2.6
Summonings     | |  1.0
Translocations | |  1.5

Action                   |  1- 3 |  4- 6 || total
-------------------------+-------+-------++-------
Melee: Unarmed           |    13 |     2 ||    15
       Bite              |     1 |       ||     1
 Cast: Magic Dart        |    84 |   105 ||   189
  Use: Scroll            |       |     7 ||     7
 Stab: Sleeping          |       |     1 ||     1
  Eat: Chunk             |     1 |     6 ||     7
Armor: Skin              |       |     6 ||     6
Dodge: Dodged            |    14 |    46 ||    60
